[Event "ICC tourney 1878 (15 10)"]
[Site "Internet Chess Club"]
[Date "2020.06.14"]
[Round "4"]
[White "Shima69"]
[Black "pranav2007"]
[Result "0-1"]
[ICCResult "White checkmated"]
[WhiteElo "1524"]
[BlackElo "1670"]
[Opening "Queen's pawn, Mason variation, Steinitz counter-gambit"]
[ECO "D00"]
[NIC "QP.08"]
[Time "16:27:52"]
[TimeControl "900+10"]

1. d4 d5 2. Bf4 c5 3. e3 Nc6 4. c3 Nf6 5. Nf3 e6 6. Nbd2 Bd6 7. Bg3 O-O 8.
Bd3 b6 9. Qe2 Bb7 10. Rd1 Rc8 11. e4 Be7 12. e5 Nd7 13. a3 c4 14. Bb1 b5 15.
h4 h6 16. Nf1 a5 17. Ne3 b4 18. Ng4 Re8 19. Qe3 Bf8 20. Bf4 bxc3 21. bxc3
Ne7 22. Qd2 Nf5 23. Ne3 Nxe3 24. Bxe3 f5 25. g4 Nc5 26. gxf5 Ne4 27. Qb2
exf5 28. Qxb7 Rb8 29. Qc6 Nxc3 30. O-O Rb6 31. Qxb6 Qxb6 32. Rde1 Nxb1 33.
Rxb1 Qg6+ 34. Kh1 Qg4 35. Nh2 Qxh4 36. f4 Bxa3 37. Rb7 Re7 38. Rb8+ Kh7 39.
Rb5 Bb4 40. Rxd5 a4 41. Rb5 Be1 42. d5 Bg3 43. Rb2 c3 44. Rg2 Rb7 45. Bc1
Rb1 46. Kg1 a3 47. d6 a2 48. Rxa2 Rb2 49. Nf3 Bf2+ 50. Kg2 Qg3+ 51. Kh1 Qh3+
52. Nh2 Rxa2 53. d7 Bg1 54. d8=Q Qxh2# {White checkmated} 0-1

[Event "ICC tourney 1878 (15 10)"]
[Site "Internet Chess Club"]
[Date "2020.06.14"]
[Round "4"]
[White "Sparta250"]
[Black "saiabhi29"]
[Result "1-0"]
[ICCResult "Black resigns"]
[WhiteElo "1866"]
[BlackElo "1669"]
[Opening "Sicilian: Labourdonnais-L?wenthal (Kalashnikov) variation"]
[ECO "B32"]
[NIC "SI.32"]
[Time "16:27:46"]
[TimeControl "900+10"]

1. e4 c5 2. Nf3 Nc6 3. d4 cxd4 4. Nxd4 e5 5. Nb5 d6 6. N1c3 a6 7. Na3 Be7 8.
Nc4 Nf6 9. Bd3 O-O 10. O-O b5 11. Ne3 Bb7 12. a4 b4 13. Ncd5 Nxd5 14. Nxd5
Bg5 15. Bxg5 Qxg5 16. a5 f5 17. Nc7 Nd4 18. f4 exf4 19. Bc4+ Kh8 20. Qxd4
Bxe4 21. Rf2 Rfd8 22. Nxa8 Bxa8 23. Bd5 Bxd5 24. Qxd5 Qf6 25. Re1 h6 26.
Rxf4 Qxb2 27. Qxf5 Qc3 28. Rfe4 Qc6 29. Qg6 {Black resigns} 1-0

[Event "ICC tourney 1878 (15 10)"]
[Site "Internet Chess Club"]
[Date "2020.06.14"]
[Round "4"]
[White "firewoods"]
[Black "premierchess"]
[Result "0-1"]
[ICCResult "White resigns"]
[WhiteElo "1487"]
[BlackElo "1547"]
[Opening "Caro-Kann: advance variation"]
[ECO "B12"]
[NIC "CK.02"]
[Time "16:27:34"]
[TimeControl "900+10"]

1. e4 c6 2. d4 d5 3. e5 c5 4. dxc5 e6 5. a3 Bxc5 6. b4 Bb6 7. Bb2 Ne7 8. Bd3
Ng6 9. Nf3 O-O 10. O-O Nc6 11. Qd2 a5 12. b5 Nb8 13. Nc3 Nd7 14. Na4 Bc7 15.
Rfe1 b6 16. Rad1 Bb7 17. Bd4 Qe7 18. Qe3 Qxa3 19. Nxb6 Bxb6 20. Bxb6 Nxb6
21. Qxb6 Qe7 22. Ra1 a4 23. Ra2 d4 24. Qxd4 Bxf3 25. gxf3 Qg5+ 26. Kh1 Rfd8
27. Qe3 Qxe3 28. Rxe3 Nf4 29. Re4 Nxd3 30. cxd3 a3 31. Rb4 Rxd3 32. b6 Rb8
33. b7 g6 34. Rc2 Kg7 35. Kg2 Rd7 36. Ra4 Rbxb7 37. Rxa3 g5 38. Ra8 Rd5 39.
Rcc8 Rxe5 40. Rg8+ Kf6 41. Rh8 Re2 42. Rxh7 Rbb2 43. f4 Rxf2+ 44. Kg3 gxf4+
45. Kg4 Kg6 46. Rh3 f5+ 47. Kh4 Rxh2 48. Ra6 Rxh3+ 49. Kxh3 Kf6 50. Ra8 Rb3+
51. Kg2 f3+ 52. Kf2 e5 53. Rf8+ Kg5 54. Ra8 Kf4 55. Ra2 e4 56. Kf1 e3
{White resigns}
0-1

[Event "ICC tourney 1878 (15 10)"]
[Site "Internet Chess Club"]
[Date "2020.06.14"]
[Round "4"]
[White "gmRohde"]
[Black "Bo002"]
[Result "1-0"]
[ICCResult "Black checkmated"]
[WhiteElo "1708"]
[BlackElo "1939"]
[Opening "English: Queens Indian formation"]
[ECO "A05"]
[NIC "EO.60"]
[Time "16:27:36"]
[TimeControl "900+10"]

1. Nf3 Nf6 2. c4 e6 3. Nc3 b6 4. e4 Bb7 5. e5 Ne4 6. Bd3 Nxc3 7. dxc3 d6 8.
O-O Nd7 9. exd6 Bxd6 10. Qe2 Qe7 11. Be4 O-O-O 12. Bxb7+ Kxb7 13. b4 c5 14.
b5 Nf6 15. a4 e5 16. Rd1 e4 17. Nd2 Qe5 18. Nf1 h5 19. a5 Ng4 20. h3 Nf6 21.
Qa2 Ra8 22. Bg5 Bc7 23. Bxf6 gxf6 24. Rd7 Rhg8 25. a6+ Kc8 26. Rad1 Qe6 27.
Qe2 Rg5 28. Qd2 Rg8 29. Ne3 Qxh3 30. Rxc7+ Kxc7 31. Qd6+ Kc8 32. Qc6+ Kb8
33. Qb7# {Black checkmated} 1-0

[Event "ICC tourney 1878 (15 10)"]
[Site "Internet Chess Club"]
[Date "2020.06.14"]
[Round "4"]
[White "kapilank"]
[Black "Chessisfunpro"]
[Result "0-1"]
[ICCResult "White forfeits on time"]
[WhiteElo "1459"]
[BlackElo "1465"]
[Opening "Sicilian: Najdorf, Byrne (English) attack"]
[ECO "B90"]
[NIC "SI.14"]
[Time "16:27:29"]
[TimeControl "900+10"]

1. e4 c5 2. Nf3 d6 3. d4 cxd4 4. Nxd4 Nf6 5. Nc3 a6 6. Be3 e5 7. Nb3 Be6 8.
Be2 Be7 9. f3 Nbd7 10. O-O b5 11. a3 O-O 12. Qe1 d5 13. exd5 Nxd5 14. Nxd5
Bxd5 15. Rd1 Be6 16. f4 exf4 17. Rxf4 Bg5 18. Rf3 Bxe3+ 19. Rxe3 Qb6 20. Qf2
Nf6 21. Rf3 Qxf2+ 22. Rxf2 Rfd8 23. Rff1 Rac8 24. Nc5 Rxd1 25. Rxd1 Bd5 26.
b4 g6 27. Bf3 Bxf3 28. gxf3 a5 29. c3 axb4 30. cxb4 Ra8 31. Rd3 Kg7 32. Kf2
Nh5 33. Ke3 Ra7 34. f4 Re7+ 35. Kf3 Re1 36. Kf2 Rc1 {White forfeits on time}
0-1

[Event "ICC tourney 1878 (15 10)"]
[Site "Internet Chess Club"]
[Date "2020.06.14"]
[Round "4"]
[White "runtilmorrow1"]
[Black "IAlwaysWin"]
[Result "0-1"]
[ICCResult "White checkmated"]
[WhiteElo "1399"]
[BlackElo "1790"]
[Opening "Caro-Kann: advance variation"]
[ECO "B12"]
[NIC "CK.04"]
[Time "16:27:33"]
[TimeControl "900+10"]

1. e4 c6 2. d4 d5 3. e5 Bf5 4. Nf3 e6 5. Be2 Ne7 6. O-O Nd7 7. Be3 c5 8. Nc3
Nc6 9. Bb5 Qb6 10. a4 a6 11. a5 Qc7 12. Bxc6 bxc6 13. dxc5 Bxc5 14. Bxc5
Nxc5 15. Nh4 Qxe5 16. Re1 Qf6 17. Nxf5 Qxf5 18. Qd4 Nd7 19. Na4 O-O 20. c4
e5 21. Qd2 d4 22. Nb6 Nxb6 23. axb6 c5 24. Ra5 Rfe8 25. Rxc5 Qf6 26. Qa5 e4
27. Rc7 e3 28. fxe3 dxe3 29. Rf1 Qd4 30. Kh1 e2 31. Re1 Qf2 32. h3 Rad8 33.
b7 Rd1 34. Rc8 Rxe1+ 35. Qxe1 Qxe1+ 36. Kh2 Qh1+ 37. Kxh1 e1=Q+ 38. Kh2 Qe5+
39. Kh1 Qb8 40. c5 Qxc8 41. bxc8=Q Rxc8 42. b4 Rb8 43. c6 Rxb4 44. c7 Rc4
45. g4 Rxc7 46. h4 a5 47. h5 a4 48. g5 a3 49. h6 a2 50. g6 a1=Q+ 51. Kg2 Rc3
52. gxh7+ Kxh7 53. hxg7 Qb2+ 54. Kf1 Rc1# {White checkmated} 0-1

[Event "ICC tourney 1878 (15 10)"]
[Site "Internet Chess Club"]
[Date "2020.06.14"]
[Round "4"]
[White "shaashwath"]
[Black "Atharva10"]
[Result "0-1"]
[ICCResult "White forfeits on time"]
[WhiteElo "1351"]
[BlackElo "1595"]
[Opening "Queen's pawn game"]
[ECO "E10"]
[NIC "QI.01"]
[Time "16:28:46"]
[TimeControl "900+10"]

1. d4 Nf6 2. c4 e6 3. Nf3 d5 4. g3 c5 5. cxd5 Nxd5 6. Bg2 cxd4 7. Qxd4 Nc6
8. Qd1 Bb4+ 9. Nbd2 O-O 10. O-O b6 11. e4 Nde7 12. a3 Bd6 13. e5 Bc7 14. Qe2
a5 15. Re1 Ba6 16. Qe4 Bd3 17. Qg4 Bf5 18. Qh5 Nd5 19. Nc4 Bg6 20. Qh3 b5
21. Bg5 Qd7 22. Ncd2 Rae8 23. Rac1 Bb6 24. Ne4 b4 25. Rcd1 Qa7 26. Rd2 bxa3
27. bxa3 a4 28. Rc2 Nce7 29. Nh4 Rc8 30. Rce2 Nf5 31. Nxg6 fxg6 32. Kh1 h6
33. g4 Nd4 34. Rb2 Ba5 35. Rf1 Bc3 36. Rbb1 Ne2 37. Nd6 hxg5 38. Bxd5 exd5
39. Rb7 Qd4 40. e6 Rxf2 41. Nf7 Qe4+ {White forfeits on time} 0-1

[Event "ICC tourney 1878 (15 10)"]
[Site "Internet Chess Club"]
[Date "2020.06.14"]
[Round "4"]
[White "blueeagle405"]
[Black "BrianDeSousa"]
[Result "1-0"]
[ICCResult "Black resigns"]
[WhiteElo "1541"]
[BlackElo "1457"]
[Opening "King's Indian: Kazakh variation"]
[ECO "E91"]
[NIC "KI.19"]
[Time "16:27:36"]
[TimeControl "900+10"]

1. d4 Nf6 2. c4 g6 3. Nc3 Bg7 4. e4 d6 5. Be2 O-O 6. Nf3 Na6 7. O-O e5 8.
Be3 Ng4 9. Bg5 Qe8 10. h3 h6 11. Bc1 exd4 12. Nxd4 Nf6 13. f3 Nh5 14. Be3 f5
15. Qd2 f4 16. Bf2 Qe7 17. Rfd1 Qg5 18. Kh2 Ng3 19. Nd5 c6 20. Nxf4 Rxf4 21.
Bxg3 Be5 22. Bf1 Qf6 23. Ne2 g5 24. Nxf4 gxf4 25. Bf2 Qg7 26. Bd4 Be6 27.
Bxe5 dxe5 28. Qf2 Nc7 29. Rd6 Qe7 30. Rad1 Ne8 31. R6d2 Kh7 32. b3 b6 33. g3
Ng7 34. gxf4 exf4 35. Bd3 Nh5 36. e5+ Kh8 37. Rg1 Ng3 38. Rxg3 fxg3+ 39.
Qxg3 Rg8 40. Qf2 Qg5 41. f4 Qh5 42. Bf1 Rf8 43. Rd3 Qf5 44. Rf3 Rd8 45. h4
Qe4 46. Bh3 Bxh3 47. Kxh3 Rd3 48. Kg2 Qg6+ 49. Kh2 Rxf3 50. Qxf3 Qc2+ 51.
Qg2 Qf5 52. Qe2 Qxf4+ 53. Kh3 Qf5+ 54. Kg3 Qg6+ 55. Kf4 Qf7+ 56. Ke4 Qg6+
57. Kd4 Qh5 58. Qxh5 {Black resigns} 1-0

[Event "ICC tourney 1878 (15 10)"]
[Site "Internet Chess Club"]
[Date "2020.06.14"]
[Round "4"]
[White "fishbein"]
[Black "NyzhnykIllia"]
[Result "1/2-1/2"]
[ICCResult "Game drawn by repetition"]
[WhiteElo "1651"]
[BlackElo "1611"]
[Opening "Petrov: French attack"]
[ECO "C42"]
[NIC "RG.03"]
[Time "16:27:37"]
[TimeControl "900+10"]

1. e4 e5 2. Nf3 Nf6 3. Nxe5 d6 4. Nf3 Nxe4 5. d3 Nf6 6. d4 d5 7. Bg5 Be7 8.
Bd3 O-O 9. O-O Bg4 10. Nbd2 Ne4 11. Bxe7 Qxe7 12. Re1 f5 13. c4 dxc4 14.
Nxe4 cxd3 15. Neg5 Qb4 16. Qxd3 Nd7 17. a3 Qa4 18. Rac1 Rfe8 19. h3 Bxf3 20.
Qxf3 Nf6 21. Rxe8+ Rxe8 22. Rxc7 h6 23. Qxb7 hxg5 24. Rxg7+ Kh8 25. Rxg5 Rg8
26. Rxf5 Qxd4 27. Qf7 Nh7 28. Rh5 Qe4 29. g3 Rg7 30. Qf8+ Rg8 31. Qf5 Qe1+
32. Kg2 Qe7 33. Qe5+ Qxe5 34. Rxe5 Rc8 35. Ra5 Rc7 36. Ra6 Kg7 37. g4 Nf6
38. g5 Ne4 39. h4 Rc2 40. Kf3 Nxf2 41. Rxa7+ Kg6 42. Ra6+ Kf5 43. Rf6+ Ke5
44. Rf8 Nd3 45. Kg3 Rxb2 46. g6 Rb1 47. Kh2 Nf4 48. g7 Rb2+ 49. Kh1 Rb1+ 50.
Kh2 Rb2+ 51. Kh1 Rb1+ 52. Kh2 Rb2+ 53. Kh1 Rb1+ {Game drawn by repetition}
1/2-1/2

[Event "ICC tourney 1878 (15 10)"]
[Site "Internet Chess Club"]
[Date "2020.06.14"]
[Round "4"]
[White "Adhvaith0406"]
[Black "piplup0621"]
[Result "1-0"]
[ICCResult "Black checkmated"]
[WhiteElo "1413"]
[BlackElo "1327"]
[Opening "Ruy Lopez: Berlin defense"]
[ECO "C65"]
[NIC "RL.07"]
[Time "16:28:04"]
[TimeControl "900+10"]

1. e4 e5 2. Nf3 Nc6 3. Bb5 Nf6 4. d3 Bc5 5. c3 O-O 6. O-O d6 7. h3 h6 8. Re1
a6 9. Ba4 b5 10. Bc2 d5 11. exd5 Nxd5 12. Nxe5 Nxe5 13. Rxe5 c6 14. d4 Bd6
15. Qd3 f5 16. Re2 Ra7 17. Na3 g5 18. Bd2 Rg7 19. Rae1 f4 20. c4 Nb4 21.
Bxb4 Bxb4 22. Rd1 f3 23. Re3 fxg2 24. cxb5 g4 25. Rg3 Qf6 26. Rxg2 g3 27.
Rf1 gxf2+ 28. Kh1 Bxh3 29. Qh7+ Kf7 30. Rxg7+ Qxg7 31. Rxf2+ Ke8 32. Qxg7
Rxf2 33. Qe5+ Kd7 34. bxc6+ Kxc6 35. Ba4+ Kb7 36. Qd5+ Kc7 37. Qc4+ Kd8 38.
Qxb4 Bg4 39. Qd6+ Kc8 40. Qg3 Rf1+ 41. Kg2 Be2 42. Qc3+ Kd8 43. Qa5+ Ke7 44.
Qe5+ Kf7 45. Qxe2 Rf6 46. Bb3+ Kg7 47. Qe7+ Kg6 48. Bc2+ Kg5 49. d5 a5 50.
d6 a4 51. d7 Kh5 52. Qxf6 Kg4 53. Bd1# {Black checkmated} 1-0

[Event "ICC tourney 1878 (15 10)"]
[Site "Internet Chess Club"]
[Date "2020.06.14"]
[Round "4"]
[White "jackhearts"]
[Black "mzninja66"]
[Result "1/2-1/2"]
[ICCResult "White stalemated"]
[WhiteElo "1722"]
[BlackElo "1456"]
[Opening "Sicilian: Najdorf, 7...Be7 main line"]
[ECO "B99"]
[NIC "SI.09"]
[Time "16:27:31"]
[TimeControl "900+10"]

1. e4 c5 2. Nf3 d6 3. d4 cxd4 4. Nxd4 Nf6 5. Nc3 a6 6. Bg5 e6 7. f4 Be7 8.
Qf3 Qc7 9. O-O-O Nbd7 10. g4 b5 11. Bxf6 Nxf6 12. g5 Nd7 13. f5 O-O 14. Rg1
Ne5 15. Qh3 b4 16. Nce2 exf5 17. exf5 Re8 18. Kb1 Qd8 19. Qg3 Bf8 20. Bg2
Rb8 21. h4 a5 22. h5 Bb7 23. g6 fxg6 24. hxg6 h6 25. Nf4 Be7 26. Nde6 Qc8
27. Nh5 Bf8 28. Qh3 Bxg2 29. Rxg2 Rb7 30. Rh1 Qd7 31. Qb3 a4 32. Qd5 Qc6 33.
Qd2 Nc4 34. Qf2 a3 35. Nxf8 Rxf8 36. f6 Ne3 37. f7+ Kh8 38. Qf6 Rbxf7 39.
Qxf7 Rxf7 40. gxf7 Qf3 41. Rgg1 g6 42. Ng3 Qxf7 43. Rxh6+ Kg7 44. Rgh1 Qf6
45. Rh7+ Kg8 46. c3 bxc3 47. Rh8+ Qxh8 48. Rxh8+ Kxh8 49. bxa3 d5 50. Ne2
c2+ 51. Kc1 Kg7 52. a4 Kf6 53. a5 Nc4 54. a6 Ke5 55. a7 Nb6 56. Kxc2 g5 57.
Kd3 g4 58. Ng3 Kf4 59. Nh5+ Kg5 60. Ng3 Kf4 61. Ne2+ Kf3 62. Nd4+ Kf2 63.
Nf5 g3 64. Nxg3 Kxg3 65. Kd4 Kf4 66. a4 Na8 67. Kxd5 Kf5 68. Kc6 Ke6 69. Kb7
Kd7 70. Kb8 Kc6 71. a5 Kd7 72. Kb7 Kd8 73. Kb8 Kd7 74. a6 Kc6 75. Kc8 Kb6
76. Kb8 Kc6 77. Kxa8 Kc7 {White stalemated} 1/2-1/2

[Event "ICC tourney 1878 (15 10)"]
[Site "Internet Chess Club"]
[Date "2020.06.14"]
[Round "4"]
[White "Terry1234"]
[Black "Aniketshukla"]
[Result "1-0"]
[ICCResult "Black checkmated"]
[WhiteElo "1477"]
[BlackElo "1545"]
[Opening "Catalan: closed, 7.Qc2"]
[ECO "E08"]
[NIC "QP.08"]
[Time "16:27:54"]
[TimeControl "900+10"]

1. d4 d5 2. c4 e6 3. Nf3 Nf6 4. g3 Nbd7 5. Bg2 Be7 6. O-O O-O 7. Qc2 dxc4 8.
Qxc4 a6 9. Ne5 c6 10. Nxd7 Qxd7 11. Nc3 Nd5 12. e4 b5 13. Qb3 Nb6 14. Rd1
Bb7 15. Bf4 Bf6 16. e5 Be7 17. Ne4 Qc7 18. Rac1 Rfd8 19. Bg5 Bxg5 20. Nxg5
Rd7 21. Qc2 g6 22. Ne4 Nd5 23. Nc5 Re7 24. Nxb7 Qxb7 25. Qxc6 Qxc6 26. Rxc6
Nb4 27. Rc5 Rd8 28. a3 Nd5 29. Bxd5 Rxd5 30. Rxd5 exd5 31. Rc1 b4 32. a4 b3
33. Rc5 Rb7 34. Rxd5 Rb4 35. a5 Ra4 36. Rd8+ Kg7 37. Rb8 Rxd4 38. Rxb3 Rd5
39. Rb7 Rxe5 40. b4 Re4 41. Rb6 f5 42. h4 f4 43. Kg2 fxg3 44. fxg3 h6 45.
Kf3 Rc4 46. g4 g5 47. h5 Rf4+ 48. Kg3 Rc4 49. Rg6+ Kh7 50. Rxa6 Rxb4 51.
Ra7+ Kg8 52. a6 Ra4 53. Kf3 Rf4+ 54. Ke3 Ra4 55. Kd3 Kf8 56. Kc3 Ke8 57. Kb3
Ra1 58. Kc4 Ra5 59. Kb4 Ra1 60. Kc5 Kd8 61. Kd5 Kc8 62. Ke5 Kb8 63. Rb7+ Ka8
64. Rb6 Ra4 65. Kf5 Rf4+ 66. Kg6 Rxg4 67. Kxh6 Ka7 68. Rg6 Ra4 69. Kxg5 Ra5+
70. Kh6 Rc5 71. Rf6 Rc1 72. Kg7 Rg1+ 73. Rg6 Rh1 74. h6 Ka8 75. h7 Ka7 76.
Rh6 Rg1+ 77. Kf6 Rf1+ 78. Ke5 Re1+ 79. Kd4 Rd1+ 80. Kc3 Rc1+ 81. Kb2 Rc8 82.
h8=Q Rg8 83. Qd4+ Ka8 84. Qd5+ Kb8 85. Qb7# {Black checkmated} 1-0

[Event "ICC tourney 1878 (15 10)"]
[Site "Internet Chess Club"]
[Date "2020.06.14"]
[Round "4"]
[White "dopolian"]
[Black "speedskater"]
[Result "1-0"]
[ICCResult "Black resigns"]
[WhiteElo "1795"]
[BlackElo "2111"]
[Opening "French: Tarrasch, open variation"]
[ECO "C07"]
[NIC "FR.19"]
[Time "16:27:39"]
[TimeControl "900+10"]

1. e4 e6 2. d4 d5 3. Nd2 c5 4. exd5 Qxd5 5. Ngf3 cxd4 6. Bc4 Qd6 7. O-O Nf6
8. Nb3 Nc6 9. Nbxd4 Nxd4 10. Nxd4 a6 11. Re1 Qc7 12. Bb3 Bd6 13. h3 O-O 14.
Qf3 e5 15. Ne2 e4 16. Qc3 Qe7 17. Bg5 Be5 18. Qe3 Bxb2 19. Rab1 Be5 20. Nc3
h6 21. Nd5 Qd6 22. Nxf6+ Bxf6 23. Bf4 Qc6 24. Qxe4 Qxe4 25. Rxe4 Bf5 26. Rc4
Rac8 27. a4 Rfd8 28. Bg3 Rxc4 29. Bxc4 Rd4 30. Bb3 Be4 31. Re1 Bc6 32. a5
Bd8 33. Be5 Re4 34. Rxe4 Bxe4 35. Bc3 Bc6 36. f3 Bh4 37. Kf1 Bb5+ 38. Kg1
Kf8 39. Bd5 Bc6 40. Bxc6 bxc6 41. Kf1 g6 42. Ke2 Ke7 43. Kd3 Kd6 44. Kc4 Bf2
45. g4 h5 46. Bd4 Be1 47. c3 h4 48. Bf6 Ke6 49. Bd4 Kd6 50. Bf6 Bf2 51. Bd4
Bg3 52. Kd3 Kd5 53. c4+ Ke6 54. Ke4 f5+ 55. Kd3 Be1 56. Bb6 Kf6 57. Bd8+ Ke5
58. Bc7+ Kf6 59. Bd8+ Ke6 60. Kd4 Bf2+ 61. Kd3 Kd6 62. Ke2 Bg3 63. Kd3 Kd7
64. Bg5 Bc7 65. Bd2 Ke6 66. Kd4 Bd6 67. Bg5 Bb4 68. Bd8 Kd6 69. Bb6 Be1 70.
Bd8 Kd7 71. Bb6 Bf2+ 72. Ke5 Bg3+ 73. Kf6 fxg4 74. fxg4 Be1 75. Kxg6 Ke6 76.
g5 Bd2 77. Kh5 Kf7 78. Kxh4 Kg6 79. Bd8 {Black resigns} 1-0

[Event "ICC tourney 1878 (15 10)"]
[Site "Internet Chess Club"]
[Date "2020.06.14"]
[Round "5"]
[White "mzninja66"]
[Black "CoolKoiFish"]
[Result "1-0"]
[ICCResult "Black resigns"]
[WhiteElo "1468"]
[BlackElo "1401"]
[Opening "Ruy Lopez: Anderssen variation"]
[ECO "C77"]
[NIC "RL.12"]
[Time "17:41:19"]
[TimeControl "900+10"]

1. e4 e5 2. Nf3 Nc6 3. Bb5 a6 4. Ba4 Nf6 5. d3 b5 6. Bb3 Bc5 7. c3 d6 8. O-O
h6 9. Nbd2 O-O 10. h3 Bb6 11. Re1 Ne7 12. Nf1 Nh5 13. Nxe5 dxe5 14. Qxh5
Qxd3 15. Qxe5 Re8 16. Bxh6 gxh6 17. Rad1 Qxd1 18. Rxd1 c5 19. Rd3
{Black resigns}
1-0

[Event "ICC tourney 1878 (15 10)"]
[Site "Internet Chess Club"]
[Date "2020.06.14"]
[Round "5"]
[White "Chessisfunpro"]
[Black "Shima69"]
[Result "0-1"]
[ICCResult "White resigns"]
[WhiteElo "1431"]
[BlackElo "1571"]
[Opening "Sicilian: Labourdonnais-L?wenthal (Kalashnikov) variation"]
[ECO "B32"]
[NIC "SI.32"]
[Time "17:43:50"]
[TimeControl "900+10"]

1. e4 c5 2. Nf3 Nc6 3. d4 cxd4 4. Nxd4 e5 5. Nb5 d6 6. N1c3 a6 7. Na3 b5 8.
Nd5 Nf6 9. Bg5 Be7 10. Bxf6 Bxf6 11. c3 O-O 12. Be2 Bg5 13. O-O Rb8 14. Nc2
a5 15. a3 Be6 16. Nce3 Ne7 17. Nxe7+ Qxe7 18. Nd5 Qa7 19. Qd3 g6 20. g3 Kh8
21. Kg2 f5 22. f4 exf4 23. gxf4 Bh6 24. Rad1 Rbe8 25. e5 dxe5 26. fxe5 Bg7
27. Rd2 Bxe5 28. Bf3 Qb8 29. Kh1 Rd8 30. Qe2 Rfe8 31. Qg2 Bf7 32. Rfd1 Bg7
33. Rd3 Re5 34. Nf4 Rxd3 35. Nxd3 Re3 36. Qf2 f4 37. Ne1 g5 38. Nc2 Re8 39.
Kg2 h5 40. h3 Qc8 41. Kh2 Bg6 42. Nd4 Re3 43. Re1 Bxd4 44. cxd4 Qe8 45. Rxe3
fxe3 46. Qe2 h4 47. Kg2 Bf5 48. Kh2 Qb8+ 49. Kh1 Qf4 50. Qg2 Bd3 51. Bg4 Be4
52. Kg1 Bxg2 53. Kxg2 Qf2+ 54. Kh1 e2 55. Bxe2 Qxe2 56. d5 {White resigns}
0-1

[Event "ICC tourney 1878 (15 10)"]
[Site "Internet Chess Club"]
[Date "2020.06.14"]
[Round "5"]
[White "cloak1"]
[Black "shaaketh"]
[Result "1-0"]
[ICCResult "Black checkmated"]
[WhiteElo "1570"]
[BlackElo "1339"]
[Opening "Queen's pawn: Keres defense"]
[ECO "A40"]
[NIC "QO.17"]
[Time "17:41:14"]
[TimeControl "900+10"]

1. d4 e6 2. c4 b6 3. Nf3 Bb7 4. g3 Bxf3 5. exf3 d5 6. Bg2 Nf6 7. Nc3 c6 8.
O-O Bb4 9. cxd5 cxd5 10. Qa4+ Qd7 11. Qxb4 Nc6 12. Qa3 Na5 13. b3 Rc8 14.
Bd2 Ng8 15. Na4 Nb7 16. Rac1 Ne7 17. Rxc8+ Nxc8 18. Rc1 Ncd6 19. Bb4 O-O 20.
Nc5 bxc5 21. dxc5 Nb5 22. c6 Qc7 23. Qa6 N7d6 24. Bf1 Nd4 25. Bxd6 Qxd6 26.
c7 Nxf3+ 27. Kg2 Ne1+ 28. Rxe1 Qxc7 29. Qd3 Qa5 30. Re2 Rd8 31. Rc2 d4 32.
Qb5 Qa3 33. Bd3 Qd6 34. Qc5 Qd7 35. Qc6 Qe7 36. Qc7 Qg5 37. Rc5 Qf6 38. Qxa7
e5 39. Qc7 Re8 40. Qc6 Qe7 41. b4 g6 42. b5 e4 43. Bxe4 Qxe4+ 44. Qxe4 Rxe4
45. b6 d3 46. b7 Rb4 47. Rc8+ Kg7 48. b8=Q Rxb8 49. Rxb8 Kf6 50. Rd8 Ke5 51.
Rxd3 f5 52. a4 Ke4 53. Rd1 f4 54. f3+ Ke3 55. g4 h5 56. g5 Ke2 57. Rd8 h4
58. h3 Ke3 59. a5 Ke2 60. a6 Ke3 61. a7 Ke2 62. a8=Q Ke3 63. Rg8 Ke2 64.
Rxg6 Ke3 65. Rf6 Ke2 66. Rxf4 Ke3 67. Rxh4 Ke2 68. Rg4 Ke1 69. h4 Ke2 70. h5
Ke3 71. h6 Ke2 72. g6 Ke1 73. f4 Ke2 74. f5 Ke3 75. f6 Ke2 76. f7 Ke3 77. g7
Ke2 78. h7 Ke3 79. g8=Q Ke2 80. h8=Q Ke3 81. f8=Q Kd3 82. Qfg7 Ke3 83. Qhh7
Ke2 84. Qhg6 Ke3 85. Qf3+ Kd2 86. Qg3 Ke2 87. Q6d3# {Black checkmated} 1-0

[Event "ICC tourney 1878 (15 10)"]
[Site "Internet Chess Club"]
[Date "2020.06.14"]
[Round "5"]
[White "InfernoKing"]
[Black "nicochasin"]
[Result "1-0"]
[ICCResult "Black resigns"]
[WhiteElo "1557"]
[BlackElo "1538"]
[Opening "Sicilian: Taimanov variation"]
[ECO "B48"]
[NIC "SI.40"]
[Time "17:41:00"]
[TimeControl "900+10"]

1. e4 c5 2. Nf3 e6 3. d4 cxd4 4. Nxd4 Nc6 5. Nc3 Qc7 6. Be3 a6 7. f4 b5 8.
Qf3 Bb7 9. Bd3 Nf6 10. O-O-O b4 11. Nce2 e5 12. Nxc6 Bxc6 13. fxe5 Qxe5 14.
Bd4 Qg5+ 15. Kb1 Bc5 16. h4 Qg6 17. Bxc5 {Black resigns} 1-0

[Event "ICC tourney 1878 (15 10)"]
[Site "Internet Chess Club"]
[Date "2020.06.14"]
[Round "5"]
[White "woodychess"]
[Black "Adhvaith0406"]
[Result "1-0"]
[ICCResult "Black resigns"]
[WhiteElo "1471"]
[BlackElo "1385"]
[Opening "Nimzo-Indian: classical, 4...c5"]
[ECO "E38"]
[NIC "NI.22"]
[Time "17:41:21"]
[TimeControl "900+10"]

1. d4 Nf6 2. c4 e6 3. Nc3 Bb4 4. Qc2 c5 5. dxc5 Na6 6. Nf3 Nxc5 7. Bd2 O-O
8. g3 d5 9. cxd5 Nxd5 10. Bg2 Bxc3 11. bxc3 b6 12. c4 Nf6 13. Ng5 Bb7 14.
Bxb7 Nxb7 15. Bc3 g6 16. Rd1 Qe7 17. O-O h6 18. Nf3 Rfd8 19. Bb2 Nd6 20. Ne5
Rac8 21. Nxg6 fxg6 22. Qxg6+ Qg7 23. Qxf6 Qxf6 24. Bxf6 Rd7 25. Be5 Rc6 26.
Rd3 Kf7 27. Rfd1 Ke7 28. h4 Rd8 29. Bxd6+ Rdxd6 30. Rxd6 Rxd6 31. Rxd6 Kxd6
32. g4 Ke5 33. g5 hxg5 34. hxg5 Kf5 35. f4 e5 36. e4+ Kg6 37. fxe5 Kxg5 38.
Kf2 Kg6 39. Ke3 Kf7 40. Kd4 Ke6 41. a4 a5 42. c5 bxc5+ 43. Kxc5 Kxe5 44. Kb5
Kxe4 45. Kxa5 Kd5 46. Kb6 Kd6 47. a5 Kd7 48. a6 {Black resigns} 1-0

[Event "ICC tourney 1878 (15 10)"]
[Site "Internet Chess Club"]
[Date "2020.06.14"]
[Round "5"]
[White "firefly64"]
[Black "runtilmorrow1"]
[Result "0-1"]
[ICCResult "White resigns"]
[WhiteElo "1781"]
[BlackElo "1486"]
[Opening "King's Indian: 5.Nf3"]
[ECO "E90"]
[NIC "KI.20"]
[Time "17:40:54"]
[TimeControl "900+10"]

1. Nf3 Nf6 2. c4 g6 3. Nc3 Bg7 4. e4 d6 5. d4 O-O 6. h3 Nbd7 7. Be3 e5 8. d5
Nh5 9. g3 f5 10. Ng5 f4 11. Ne6 Qf6 12. gxf4 exf4 13. Bd2 Rf7 14. f3 Qh4+
15. Ke2 Ng3+ 16. Kd3 Nxh1 17. Kc2 Ne5 18. Nxg7 Kxg7 19. Be2 Ng3 20. Be1 Qxh3
21. Kb3 Nxe2 22. Qxe2 Qxf3 {White resigns} 0-1

[Event "ICC tourney 1878 (15 10)"]
[Site "Internet Chess Club"]
[Date "2020.06.14"]
[Round "5"]
[White "sirking2800"]
[Black "shaashwath"]
[Result "1-0"]
[ICCResult "Black checkmated"]
[WhiteElo "1459"]
[BlackElo "1316"]
[Opening "Sicilian: Scheveningen, classical main line"]
[ECO "B85"]
[NIC "SI.23"]
[Time "17:40:54"]
[TimeControl "900+10"]

1. e4 c5 2. Nf3 d6 3. d4 cxd4 4. Nxd4 Nf6 5. Nc3 a6 6. Be2 e6 7. Be3 Be7 8.
O-O O-O 9. f4 Qc7 10. Qe1 Nc6 11. Qg3 Nxd4 12. Bxd4 b5 13. e5 dxe5 14. fxe5
Nd7 15. Ne4 Kh8 16. Bd3 Nc5 17. Rac1 Nxe4 18. Bxe4 Bb7 19. Bd3 Rad8 20. Be3
Bc5 21. Rce1 Bd5 22. Kh1 Bxe3 23. Qxe3 Bc4 24. Rf4 Bxd3 25. cxd3 Qc2 26.
Ref1 Rxd3 27. Qe4 Kg8 28. h3 Rd2 29. Rxf7 Rfd8 30. Qf4 h6 31. Qg4 g5 32.
Qxe6 Rxg2 33. Rf8+ Kh7 34. R1f7# {Black checkmated} 1-0

[Event "ICC tourney 1878 (15 10)"]
[Site "Internet Chess Club"]
[Date "2020.06.14"]
[Round "5"]
[White "Arsalchess"]
[Black "firewoods"]
[Result "1-0"]
[ICCResult "Black resigns"]
[WhiteElo "1552"]
[BlackElo "1450"]
[Opening "Sicilian: Labourdonnais-L?wenthal (Kalashnikov) variation"]
[ECO "B32"]
[NIC "SI.32"]
[Time "17:41:06"]
[TimeControl "900+10"]

1. e4 c5 2. Nf3 Nc6 3. d4 cxd4 4. Nxd4 e5 5. Nb5 d6 6. N1c3 a6 7. Na3 b5 8.
Nd5 Nge7 9. Bg5 Be6 10. c4 Nd4 11. cxb5 f6 12. Be3 Nxd5 13. exd5 Bxd5 14.
Bxd4 exd4 15. Qxd4 Qa5+ 16. Kd1 Be6 17. Qe4 Kf7 18. Qxa8 Qa4+ 19. Ke2 Bc4+
20. Kf3 Be6 21. Qe4 Qa5 22. Bc4 {Black resigns} 1-0